 Dungeon Crawl Stone Soup version 0.26-a0-964-g69f9a3b9e2 (webtiles) character file.

Game seed: 848698750337230114

2852 lunkers the Martial Artist (level 9, -15/63 HPs)
             Began as a Demigod Transmuter on Dec 2, 2020.
             Demolished by a hornet (17 damage)
             ... while paralysed by a hornet
             ... on level 7 of the Dungeon.
             The game lasted 00:17:12 (10956 turns).

lunkers the Martial Artist (Demigod Transmuter)    Turns: 10956, Time: 00:17:12

Health: -15/63     AC:  2    Str: 13    XL:     9   Next: 23%
Magic:  9/14       EV:  5    Int: 25    God:
Gold:   414        SH:  0    Dex: 25    Spells: 2/11 levels left

rFire    + . .     SeeInvis .     - Unarmed
rCold    . . .     Faith    .   (shield currently unavailable)
rNeg     . . .     Spirit   .   (armour currently unavailable)
rPois    x         Reflect  .   (helmet currently unavailable)
rElec    .         Harm     .   (cloak currently unavailable)
rCorr    .         Rampage  .   (gloves currently unavailable)
MR       .....                  (boots currently unavailable)
Stlth    ++........             (no amulet)
HPRegen  0.20/turn              w - ring of protection from fire
MPRegen  0.14/turn              x - +6 ring of intelligence

@: paralysed, lethally poisoned (-15 -> -44), spider-form, slowed
A: tiny, high mp 1
a: End Transformation


You were on level 7 of the Dungeon.
You were a venomous arachnid creature.
You visited 1 branch of the dungeon, and saw 7 of its levels.

You collected 414 gold pieces.

Inventory:

Hand Weapons
 E - the +7 mace of the Spectre (melded) {speed, +Blink rPois Dex+3}
   (You found it on level 6 of the Dungeon)

   Attacks with this weapon are significantly faster.
   It affects your dexterity (+3).
   It protects you from poison.
   It lets you blink.
Armour
 a - a +0 robe (melded)
 p - a +0 leather armour of positive energy
 r - a +0 pair of gloves (melded)
 s - a +2 cloak (melded)
 v - a +0 kite shield
Jewellery
 w - a ring of protection from fire (left front leg)
 x - a +6 ring of intelligence (right front leg)
Wands
 l - a wand of flame (34)
 t - a wand of enslavement (23)
Scrolls
 b - 2 scrolls of magic mapping {unknown}
 e - 2 scrolls of enchant armour {unknown}
 f - 3 scrolls of blinking {unknown}
 g - 3 scrolls of teleportation {unknown}
 i - 9 scrolls of identify {unknown}
 k - 3 scrolls of amnesia {unknown}
 m - 4 scrolls of remove curse {unknown}
 o - 3 scrolls of enchant weapon {unknown}
 q - 2 scrolls of immolation {unknown}
 y - a scroll of fog {unknown}
 D - a scroll of fear {unknown}
Potions
 c - 2 potions of ambrosia {unknown}
 d - 2 potions of brilliance {unknown}
 h - 5 potions of curing
 j - 2 potions of invisibility {unknown}
 n - 2 potions of berserk rage {unknown}
 u - a potion of magic {unknown}
 z - a potion of degeneration {unknown}
 A - a potion of might {unknown}
 B - a potion of mutation {unknown}
 C - a potion of haste {unknown}


   Skills:
 - Level 0.8 Fighting
 - Level 1.7 Dodging
 * Level 10.2 Unarmed Combat
 - Level 1.7 Spellcasting
 + Level 7.1 Transmutations


You had 2 spell levels left.
You knew the following spells:

 Your Spells              Type           Power        Failure   Level
b - Spider Form           Tmut/Pois      ###.......   21%         3
c - Blade Hands           Tmut           #####.....   36%         5
p - Beastly Appendage     Tmut           #####.       4%          1

Your spell library contained the following spells:

 Spells                   Type           Power        Failure   Level
 Wereblood                Tmut           #####...     4%          2
 Animate Skeleton         Necr           #.....       28%         1
 Apportation              Tloc           #.....       28%         1
 Corona                   Hex            #......      28%         1
 Summon Small Mammal      Summ           #...         28%         1
 Ice Form                 Ice/Tmut       ###.....     47%         4


Dungeon Overview and Level Annotations

Branches:
Dungeon (7/15)             Temple (0/1) D:5


Innate Abilities, Weirdness & Mutations

You have an increased reservoir of magic. (+10% MP)


Message History

The hornet completely misses you.
Your magical contamination has completely faded away.
You bite the hornet!
The hornet is moderately wounded.
You feel sick. The hornet stings you!
* * * LOW HITPOINT WARNING * * *
You feel as though you will be slow longer.
The hornet stings you!
* * * LOW HITPOINT WARNING * * *
You are lethally poisoned!
You suddenly lose the ability to move!
* * * LOW HITPOINT WARNING * * *
You feel very sick. The hornet stings you.
* * * LOW HITPOINT WARNING * * *
You shrug off the repeated paralysis!
* * * LOW HITPOINT WARNING * * *
You feel very sick. The hornet stings you!
You die...

#.# ... ####.#
..# #....# .#
#.#### .# #†#
#.# . #.#######
...
#.......###...$.
#######.sy......
#####..... ... .


You could see a hornet.

Vanquished Creatures
  A two-headed ogre (D:5)
  Sigmund (D:4)
  Eustachio (D:5)
  Edmund (D:4)
  An ice beast (D:7)
  A black bear (D:7)
  2 ogres
  A phantom (D:6)
  A centaur (D:6)
  A big kobold (D:7)
  2 bullfrogs (D:7)
  Blork the orc (D:4)
  A scorpion (D:4)
  6 killer bees (D:5)
  2 orc priests
  2 hounds
  A jelly (D:5)
  4 orc wizards
  A human zombie (D:4)
  2 iguanas
  Natasha (thrice) (D:2)
  6 worker ants
  A hound zombie (D:7)
  4 gnolls (D:5)
  4 adders
  An ooze (D:1)
  An adder skeleton (D:5)
  2 worms
  3 dart slugs
  A leopard gecko (D:6)
  12 orcs
  6 giant cockroaches
  10 goblins
  8 hobgoblins
  15 jackals
  11 kobolds
  A quokka (D:6)
  A ball python (D:2)
  9 bats
  2 frilled lizards
  7 rats
141 creatures vanquished.

Vanquished Creatures (others)
  3 fungi (D:4)
  6 plants (D:4)
9 creatures vanquished.

Grand Total: 150 creatures vanquished

Notes
Turn   | Place    | Note
-------+----------+-------------------------------------------
     0 | D:1      | lunkers the Demigod Transmuter began the quest for the Orb.
     0 | D:1      | Reached XP level 1. HP: 15/15 MP: 5/5
   432 | D:1      | Reached skill level 3 in Unarmed Combat
   625 | D:1      | Reached XP level 2. HP: 6/22 MP: 4/7
  1551 | D:1      | Reached XP level 3. HP: 23/27 MP: 6/8
  1616 | D:1      | Learned a level 3 spell: Spider Form
  2102 | D:2      | Noticed Natasha
  2115 | D:2      | Killed Natasha
  2119 | D:2      | Reached skill level 4 in Unarmed Combat
  2179 | D:2      | Noticed Natasha
  2400 | D:2      | Killed Natasha
  2401 | D:2      | Reached XP level 4. HP: 4/34 MP: 3/9
  2729 | D:2      | Noticed Natasha
  2738 | D:2      | Killed Natasha
  3758 | D:3      | Reached XP level 5. HP: 27/39 MP: 7/10
  4636 | D:4      | Reached skill level 5 in Unarmed Combat
  5113 | D:4      | Noticed Sigmund
  5343 | D:4      | Killed Sigmund
  5344 | D:4      | Reached XP level 6. HP: 36/46 MP: 7/11
  5354 | D:4      | Reached skill level 6 in Unarmed Combat
  6056 | D:4      | Noticed Blork the orc
  6066 | D:4      | Killed Blork the orc
  6067 | D:4      | Reached XP level 7. HP: 51/51 MP: 9/12
  6291 | D:4      | Noticed Edmund
  6308 | D:4      | Killed Edmund
  6494 | D:4      | Reached skill level 7 in Unarmed Combat
  6657 | D:4      | Found a sacrificial altar of Ru.
  6687 | D:5      | Entered Level 5 of the Dungeon
  7230 | D:5      | Noticed Eustachio
  7239 | D:5      | Noticed a two-headed ogre
  7544 | D:5      | Found a staircase to the Ecumenical Temple.
  7556 | D:5      | Reached skill level 5 in Transmutations
  7787 | D:5      | Killed Eustachio
  7834 | D:5      | Killed a two-headed ogre
  7835 | D:5      | Reached skill level 8 in Unarmed Combat
  7835 | D:5      | Reached XP level 8. HP: 24/58 MP: 10/13
  8147 | D:5      | Reached skill level 9 in Unarmed Combat
  8877 | D:5      | Found a shimmering altar of Xom.
  8881 | D:5      | Found a shimmering altar of Xom.
  8935 | D:5      | Found a shimmering altar of Xom.
  8939 | D:5      | Found a shimmering altar of Xom.
  8946 | D:5      | Found a shimmering altar of Xom.
  8946 | D:5      | Found a shimmering altar of Xom.
  8948 | D:5      | Found a shimmering altar of Xom.
  8967 | D:5      | Found a radiant altar of Vehumet.
  9626 | D:6      | Got a masterwork mace
  9627 | D:6      | Identified the +7 mace of the Spectre {speed, +Blink rPois
                  | Dex+3} (You found it on level 6 of the Dungeon)
  9840 | D:6      | Reached XP level 9. HP: 59/63 MP: 10/14
 10598 | D:7      | Reached skill level 10 in Unarmed Combat
 10604 | D:7      | Learned a level 5 spell: Blade Hands
 10628 | D:7      | Found a burning altar of Makhleb.
 10630 | D:7      | Noticed a cacodemon
 10634 | D:7      | Noticed a hellwing
 10954 | D:7      | Paralysed by a hornet for 3 turns
 10956 | D:7      | HP: 2/63 [poisoned by a hornet]
 10956 | D:7      | Demolished by a hornet

Illustrated notes

Levels and vault maps discovered:
D:1:      nicolae_arrival_somewhat_less_tricky_arrival, layout_basic
D:2:      layout_loops_ring, uniq_natasha
D:3:      layout_loops_ring
D:4:      layout_basic, enter_ossuary_3, nicolae_ru_the_path_less_chosen,
          uniq_blork_the_orc, uniq_edmund, uniq_sigmund
D:5:      layout_basic, nicolae_xom_altar_mimics,
          minmay_temple_entry_sparse_star, kennysheep_decorative_pillar,
          vehumet_altar_wand_db, uniq_eustachio
D:6:      layout_loops_ring
D:7:      layout_loops_cross, makhleb_altar_promises_db

Skill      XL: |  1  2  3  4  5  6  7  8  9 |
---------------+----------------------------+-----
Unarmed Combat | 3 4 5 6 8 9 10 | 10.2
Transmutations | 2 3 4 6 7 |  7.1
Fighting       | |  0.8
Dodging        | |  1.7
Spellcasting   | |  1.7

Action                   |  1- 3 |  4- 6 |  7- 9 || total
-------------------------+-------+-------+-------++-------
Melee: Unarmed           |   110 |   149 |   188 ||   447
       Kick              |    15 |       |       ||    15
       Headbutt          |     6 |       |       ||     6
       Punch             |     4 |     3 |     2 ||     9
       Mace              |       |       |     3 ||     3
 Cast: Beastly Appendage |    22 |       |       ||    22
       Spider Form       |     5 |    26 |    32 ||    63
  Use: Potion            |       |       |     1 ||     1
 Stab: Sleeping          |       |     3 |     4 ||     7
Armor: Robe              |    18 |    14 |    20 ||    52
       Skin              |     1 |     8 |     3 ||    12
Dodge: Dodged            |    73 |   114 |   199 ||   386

Table legend: (Time is in decaauts)
 A = Elapsed time spent in this place.
 B = Non-inter-level travel time spent in this place.
 C = Inter-level travel time spent in this place.
 D = Time resting spent in this place.
 E = Time spent auto-exploring this place.
 F = Levels seen in this place.
 G = Mean time per level.
                   A        B        C        D        E       F      G
               +--------+--------+--------+--------+--------+-----+--------+
         Total |  10911 |  10703 |    208 |   1662 |   7634 |   7 | 1558.7 |
       Dungeon |  10911 |  10703 |    208 |   1662 |   7634 |   7 | 1558.7 |
               +--------+--------+--------+--------+--------+-----+--------+

Top non-repeatable levels by time:
     D:1: 1981 daAuts
     D:4: 1977 daAuts
     D:5: 1931 daAuts
     D:3: 1629 daAuts
     D:2: 1615 daAuts
     D:6: 1279 daAuts
     D:7: 496 daAuts
